[Event "ICC tourney 2501 (45 10)"]
[Site "Internet Chess Club"]
[Date "2021.04.10"]
[Round "5"]
[White "AIGNER, MICHAEL:f5"]
[Black "POWER, SEAN K:KnightHopper"]
[Result "0-1"]
[ICCResult "White resigns"]
[WhiteElo "2203"]
[BlackElo "2009"]
[Opening "Scandinavian defense"]
[ECO "B01"]
[NIC "SD.03"]
[Time "20:54:17"]
[PlyCount "100"]
[TimeControl "2700+10"]

1. e4 d5 2. exd5 Nf6 3. d4 Bg4 4. Be2 Bxe2 5. Nxe2 Qxd5 6. O-O e6 7. Bf4
Bd6 8. Nbc3 Qf5 9. Bxd6 cxd6 10. Ng3 Qa5 11. d5 Qb6 12. dxe6 fxe6 13. Nce4
d5 14. Nxf6+ gxf6 15. Qh5+ Kd8 16. Rfe1 Nd7 17. Qh3 e5 18. Rad1 Qc6 19. Re3
d4 20. Re2 Kc7 21. c3 dxc3 22. bxc3 Nb6 23. Red2 Raf8 24. Nf5 Kb8 25. Qh6
Qxc3 26. Rd6 Qc2 27. Ne3 Qxa2 28. Rxf6 Rd8 29. Rfd6 Rde8 30. Nd5 Nc4 31.
Rd7 Qb3 32. Nf6 Rc8 33. R7d3 Qc2 34. Rd7 a5 35. Qg7 Qb3 36. Qe7 a4 37. Ne4
a3 38. Nc5 Rxc5 39. Qxc5 Rc8 40. Qd5 a2 41. Rd8 Rxd8 42. Qxd8+ Ka7 43. Qd5
b5 44. Qc5+ Ka6 45. Qc8+ Ka5 46. Qa8+ Kb4 47. Qf8+ Kc3 48. Qf3+ Kb2 49.
Qe2+ Qc2 50. Qe1 Qxd1 { White resigns } 0-1

[Event "ICC tourney 2501 (45 10)"]
[Site "Internet Chess Club"]
[Date "2021.04.10"]
[Round "5"]
[White "KUNKA, HARSHID:ChessKidA8"]
[Black "HEBDEN, MARK L:mhebden"]
[Result "1/2-1/2"]
[ICCResult "Game drawn by mutual agreement"]
[WhiteElo "2232"]
[BlackElo "2503"]
[Opening "Ruy Lopez: Anderssen variation"]
[ECO "C77"]
[NIC "RL.12"]
[Time "20:53:37"]
[PlyCount "145"]
[TimeControl "2700+10"]

1. e4 e5 2. Nf3 Nc6 3. Bb5 a6 4. Ba4 Nf6 5. d3 d6 6. c3 Be7 7. O-O O-O 8.
Re1 Re8 9. Nbd2 Bf8 10. Nf1 b5 11. Bb3 Na5 12. Bc2 c5 13. Bg5 h6 14. Bxf6
Qxf6 15. Ne3 Nc6 16. Nd5 Qd8 17. h3 Be6 18. d4 exd4 19. cxd4 Bxd5 20. exd5
Rxe1+ 21. Qxe1 Nxd4 22. Nxd4 cxd4 23. Qe4 g6 24. Qxd4 Bg7 25. Qb4 Rc8 26.
Bd3 Rc5 27. Qe4 Bxb2 28. Re1 Kg7 29. h4 h5 30. g3 Qf6 31. Re2 Bd4 32. Kg2
Qe5 33. Qxe5+ dxe5 34. Rc2 Rxd5 35. Be4 Rc5 36. Rxc5 Bxc5 37. Bb7 a5 38.
Ba6 b4 39. Bb5 e4 40. Kf1 f5 41. Ke2 Kf6 42. Ba4 g5 43. Be8 gxh4 44. gxh4
Ke5 45. Bxh5 Be7 46. Be8 Bxh4 47. f3 Bg5 48. Bd7 Bf4 49. Kf2 Bc1 50. Ke2 e3
51. Kd3 Kf4 52. Ke2 Bb2 53. Be8 Bd4 54. Ba4 Bb6 55. Be8 Ke5 56. Kd3 f4 57.
Ba4 Kd5 58. Be8 Kc5 59. Ba4 Bd8 60. Be8 Bh4 61. Ba4 Be1 62. Be8 Bc3 63. Ba4
Bb2 64. Be8 Bc1 65. Ba4 Bb2 66. Be8 Bc3 67. Ba4 Be1 68. Be8 b3 69. axb3 Kb4
70. Bf7 Ka3 71. Ke2 Bb4 72. Bg8 Kb2 73. Bf7 { Game drawn by mutual
agreement } 1/2-1/2

[Event "ICC tourney 2501 (45 10)"]
[Site "Internet Chess Club"]
[Date "2021.04.10"]
[Round "5"]
[White "BROWN, WAYNE B:Plato"]
[Black "PULLELA, SRICHARAN:Sricharan07"]
[Result "1-0"]
[ICCResult "Black resigns"]
[WhiteElo "2024"]
[BlackElo "1853"]
[Opening "French: advance, Paulsen attack"]
[ECO "C02"]
[NIC "FR.03"]
[Time "20:54:17"]
[PlyCount "101"]
[TimeControl "2700+10"]

1. e4 e6 2. d4 d5 3. e5 c5 4. c3 Nc6 5. Nf3 Qb6 6. a3 c4 7. Nbd2 Bd7 8. Rb1
Na5 9. Qc2 Rc8 10. Be2 Ne7 11. O-O Ng6 12. g3 Be7 13. h4 Nf8 14. Bd1 Bc6
15. Re1 Nd7 16. h5 h6 17. Nf1 Qc7 18. Bf4 Nb6 19. Qd2 Ba4 20. Be2 Nb3 21.
Qe3 Nd7 22. g4 b5 23. g5 hxg5 24. Nxg5 Nb6 25. Ng3 a5 26. Bg4 Bxg5 27. Bxg5
b4 28. axb4 axb4 29. h6 gxh6 30. Bxh6 Rg8 31. Bh5 Qe7 32. Kg2 bxc3 33. bxc3
Bd7 34. Rh1 Ra8 35. Rb2 Kd8 36. Qf4 Be8 37. Rh4 Kc7 38. Rg4 Rxg4 39. Qxg4
f5 40. exf6 Qxf6 41. Bf4+ Kc6 42. Re2 Kd7 43. Bg5 Bxh5 44. Nxh5 Qf5 45.
Nf6+ Kc7 46. Bf4+ Kb7 47. Qg7+ Kc6 48. Bg3 Ra1 49. Qe7 Qb1 50. Rxe6+ Kb5
51. Qb4+ { Black resigns } 1-0

[Event "ICC tourney 2501 (45 10)"]
[Site "Internet Chess Club"]
[Date "2021.04.10"]
[Round "5"]
[White "BOOKS, MUSKEE:musk6868"]
[Black "XUE, JERRY Q:JQX2019"]
[Result "1-0"]
[ICCResult "Black resigns"]
[WhiteElo "2039"]
[BlackElo "1943"]
[Opening "Sicilian: Richter-Rauzer, Rauzer attack, 7...a6 defense, 9...Be7"]
[ECO "B68"]
[NIC "SI.30"]
[Time "20:54:17"]
[PlyCount "89"]
[TimeControl "2700+10"]

1. e4 c5 2. Nf3 d6 3. d4 cxd4 4. Nxd4 Nf6 5. Nc3 Nc6 6. Bg5 e6 7. Qd2 a6 8.
O-O-O Bd7 9. f4 Be7 10. Nb3 b5 11. a3 Qb6 12. e5 Ng4 13. Bxe7 Nxe7 14. Qxd6
Qxd6 15. Rxd6 Nf5 16. Rd2 Bc6 17. Bd3 Nge3 18. Be4 Bxe4 19. Nxe4 Ke7 20.
Re1 Nc4 21. Rd3 h5 22. Nd4 Nxd4 23. Rxd4 Ra7 24. b3 Nb6 25. Red1 Nd5 26.
Nd6 Rc7 27. R1d2 Rd8 28. Kb2 Rb8 29. g3 Rb6 30. h3 Rbc6 31. c4 bxc4 32.
Rxc4 Ne3 33. Rxc6 Rxc6 34. b4 Rb6 35. Nc8+ Ke8 36. Nxb6 g6 37. Kb3 Nf1 38.
Rd3 Nh2 39. a4 Ke7 40. b5 axb5 41. a5 f6 42. a6 fxe5 43. fxe5 g5 44. a7 Nf3
45. Rd7+ { Black resigns } 1-0

[Event "ICC tourney 2501 (45 10)"]
[Site "Internet Chess Club"]
[Date "2021.04.10"]
[Round "5"]
[White "Minero Pineda, Sergio:SuperBueno"]
[Black "SAMANT, NEIL:checkninja"]
[Result "1-0"]
[ICCResult "Black resigns"]
[WhiteElo "2490"]
[BlackElo "1991"]
[Opening "Catalan: closed, 5.Nf3"]
[ECO "E06"]
[NIC "CA.05"]
[Time "20:54:17"]
[PlyCount "89"]
[TimeControl "2700+10"]

1. d4 Nf6 2. c4 e6 3. Nf3 d5 4. g3 Be7 5. Bg2 O-O 6. O-O dxc4 7. Qc2 a6 8.
a4 Bd7 9. Qxc4 Bc6 10. Bg5 Nbd7 11. Nc3 h6 12. Bxf6 Nxf6 13. Rfd1 Qd6 14.
Qd3 Bxf3 15. Bxf3 Rab8 16. h4 Rfd8 17. Rd2 c5 18. d5 exd5 19. Nxd5 Nxd5 20.
Bxd5 Qf6 21. Qe4 b6 22. Rad1 Re8 23. Bc6 Red8 24. Rxd8+ Rxd8 25. Rxd8+ Bxd8
26. Qe8+ Kh7 27. Be4+ g6 28. h5 Kg7 29. hxg6 fxg6 30. Bd5 Qf8 31. Qe6 h5
32. e4 h4 33. e5 hxg3 34. fxg3 Bg5 35. Kg2 Be3 36. Qd7+ Kh6 37. Bf7 Qa8+
38. Bd5 Qf8 39. Bf7 Qa8+ 40. Qd5 Qxd5+ 41. Bxd5 Bd4 42. e6 Bf6 43. Bc4 b5
44. Bxb5 axb5 45. a5 { Black resigns } 1-0

[Event "ICC tourney 2501 (45 10)"]
[Site "Internet Chess Club"]
[Date "2021.04.10"]
[Round "5"]
[White "SLADE, THEODORE LUKE:MrNormalName"]
[Black "RAMESH, RAHUL:rockinroll"]
[Result "1-0"]
[ICCResult "Black resigns"]
[WhiteElo "2163"]
[BlackElo "1773"]
[Opening "QGA: 3.e4"]
[ECO "D20"]
[NIC "QG.04"]
[Time "20:56:41"]
[PlyCount "115"]
[TimeControl "2700+10"]

1. d4 d5 2. c4 dxc4 3. e4 Nf6 4. e5 Nd5 5. Bxc4 Nb6 6. Bd3 Nc6 7. Ne2 Bg4
8. f3 Bh5 9. Nbc3 e6 10. Be3 Bg6 11. Be4 Bxe4 12. fxe4 Nc4 13. Bf2 Bb4 14.
Qc2 Qg5 15. O-O Ne3 16. Bxe3 Qxe3+ 17. Kh1 Nxd4 18. Nxd4 Qxd4 19. Nb5 Qxe5
20. Nxc7+ Ke7 21. Nxa8 Bd6 22. g3 Rxa8 23. Rac1 Qh5 24. Qb3 b6 25. Qf3
Qxf3+ 26. Rxf3 Be5 27. Rd3 Bxb2 28. Rc7+ Kf6 29. Rdd7 Ke5 30. Rxa7 Rc8 31.
Rxf7 Kxe4 32. Ra4+ Ke3 33. Rb4 Bd4 34. Rb3+ Ke2 35. Re7 Kf2 36. Rf7+ Bf6
37. h3 Rc2 38. g4 h6 39. Rxb6 Rxa2 40. Rxe6 Kg3 41. Re3+ Kh4 42. Rd7 Ra1+
43. Kg2 Ra2+ 44. Kf1 Ra1+ 45. Ke2 Ra2+ 46. Kd1 Rh2 47. Rdd3 Bg5 48. Rf3 Bf6
49. Ke1 Bg5 50. Kf1 Ra2 51. Kg1 Rb2 52. Rf2 Rb1+ 53. Kg2 Re1 54. Rf7 Bf6
55. Rd5 Re2+ 56. Kf3 Re5 57. Rxe5 Bxe5 58. Rf5 { Black resigns } 1-0

[Event "ICC tourney 2501 (45 10)"]
[Site "Internet Chess Club"]
[Date "2021.04.10"]
[Round "5"]
[White "GUSEINOV, GADIR:GGuseinov"]
[Black "Clasby, Derek:wolverine54"]
[Result "1-0"]
[ICCResult "Black resigns"]
[WhiteElo "2715"]
[BlackElo "2312"]
[Opening "Ruy Lopez: closed defense"]
[ECO "C84"]
[NIC "RL.13"]
[Time "20:57:52"]
[PlyCount "81"]
[TimeControl "2700+10"]

1. e4 e5 2. Nf3 Nc6 3. Bb5 a6 4. Ba4 Nf6 5. O-O Be7 6. d3 b5 7. Bb3 d6 8.
a4 Bg4 9. Be3 O-O 10. Nbd2 Na5 11. Ba2 c5 12. h3 Be6 13. Bxe6 fxe6 14. axb5
axb5 15. c3 Qd7 16. Re1 Rfb8 17. Ra2 Nc6 18. Rxa8 Rxa8 19. Qb3 Ra5 20. Qc2
h6 21. d4 exd4 22. cxd4 c4 23. e5 dxe5 24. dxe5 Nd5 25. Bxh6 gxh6 26. Qg6+
Kf8 27. Re4 Bg5 28. Nxg5 hxg5 29. Qxg5 Qg7 30. Qh4 Ra1+ 31. Kh2 Nxe5 32.
Qd8+ Kf7 33. f4 Rd1 34. Rxe5 Nxf4 35. Rg5 Ng6 36. Qd7+ Kf8 37. Qc8+ Ke7 38.
Qb7+ Kf8 39. Qf3+ Qf7 40. Qxd1 Qf4+ 41. Rg3 { Black resigns } 1-0

[Event "ICC tourney 2501 (45 10)"]
[Site "Internet Chess Club"]
[Date "2021.04.10"]
[Round "5"]
[White "CHEN, RYO WENYU:e4f5"]
[Black "DENG, HENRY:SuperPuzzler"]
[Result "1-0"]
[ICCResult "Black checkmated"]
[WhiteElo "2301"]
[BlackElo "2072"]
[Opening "Ruy Lopez: Anderssen variation"]
[ECO "C77"]
[NIC "RL.12"]
[Time "20:58:23"]
[PlyCount "143"]
[TimeControl "2700+10"]

1. e4 e5 2. Nf3 Nc6 3. Bb5 a6 4. Ba4 Nf6 5. d3 b5 6. Bb3 Be7 7. O-O d6 8.
c3 O-O 9. Nbd2 Na5 10. Bc2 c5 11. Re1 Re8 12. Nf1 Bf8 13. Bg5 Be6 14. Ne3
Be7 15. d4 Qc7 16. d5 Bd7 17. b3 Ng4 18. Bxe7 Rxe7 19. Nf1 Ree8 20. h3 Nf6
21. g4 Nb7 22. Ng3 Kh8 23. Nh4 a5 24. Qf3 Rf8 25. Nhf5 Ng8 26. Kg2 Qd8 27.
a4 g6 28. Ne3 b4 29. Bd3 Qf6 30. Qe2 Rad8 31. Rh1 h6 32. h4 Kg7 33. Nef5+
Bxf5 34. exf5 Qe7 35. Qe3 Rde8 36. g5 h5 37. Qe4 Nf6 38. gxf6+ Qxf6 39.
fxg6 Qxg6 40. Qf3 Qg4 41. Qxg4+ hxg4 42. Nh5+ Kh6 43. Nf6 Rc8 44. Nxg4+ Kg7
45. Bf5 Ra8 46. h5 bxc3 47. h6+ Kh8 48. Nf6 c4 49. Rh3 cxb3 50. Rxc3 Nc5
51. Kf3 Rab8 52. Rxc5 dxc5 53. Nd7 b2 54. Rb1 Rb3+ 55. Ke4 Re8 56. Nxc5
Rb4+ 57. Ke3 Rd8 58. Nd3 Rb3 59. Ke4 Rdb8 60. d6 f6 61. d7 R3b6 62. Rxb2
Rxb2 63. Nxb2 Kg8 64. Nc4 Kf7 65. Nxa5 Rb4+ 66. Kd5 Rd4+ 67. Kc5 Ke7 68.
Nc6+ Kf7 69. Nxd4 exd4 70. d8=Q d3 71. Qd7+ Kg8 72. Qg7# { Black checkmated
} 1-0

[Event "ICC tourney 2501 (45 10)"]
[Site "Internet Chess Club"]
[Date "2021.04.10"]
[Round "5"]
[White "JIANG, LUCAS:xx99754539"]
[Black "YAN, NATHAN:Natey"]
[Result "0-1"]
[ICCResult "White resigns"]
[WhiteElo "1908"]
[BlackElo "1889"]
[Opening "Ruy Lopez: 5.O-O"]
[ECO "C78"]
[NIC "RL.12"]
[Time "20:57:18"]
[PlyCount "90"]
[TimeControl "2700+10"]

1. e4 e5 2. Nf3 Nc6 3. Bb5 a6 4. Ba4 Nf6 5. O-O b5 6. Bb3 Bc5 7. a4 Rb8 8.
c3 d6 9. d4 Bb6 10. a5 Ba7 11. Bg5 h6 12. Bh4 Bg4 13. dxe5 Nxe5 14. Nbd2
O-O 15. h3 Bh5 16. Qc2 Nxf3+ 17. Nxf3 Bxf3 18. gxf3 c5 19. c4 g5 20. Bg3
Nh5 21. Qd2 Nxg3 22. fxg3 Qf6 23. Rf2 bxc4 24. Bxc4 Rb4 25. Qc1 Qd4 26. b3
Rxb3 27. Bxb3 c4 28. Ra2 cxb3 29. Rb2 Qb4 30. Qd1 Bxf2+ 31. Kxf2 Rb8 32.
Kg1 Qxa5 33. Rxb3 Qc5+ 34. Kg2 Rc8 35. Rb2 a5 36. Rd2 Rc6 37. Qa4 Qc3 38.
Rf2 Rb6 39. Qa2 Rb3 40. h4 g4 41. Qa4 gxf3+ 42. Kh3 Rb2 43. Rxb2 Qxb2 44.
Qe8+ Kg7 45. Qd7 h5 { White resigns } 0-1

[Event "ICC tourney 2501 (45 10)"]
[Site "Internet Chess Club"]
[Date "2021.04.10"]
[Round "5"]
[White "LIANG, ETHAN Y:ELCCEthan488"]
[Black "SANE, ADWAY:adwaysane"]
[Result "0-1"]
[ICCResult "White resigns"]
[WhiteElo "1811"]
[BlackElo "1728"]
[Opening "QGD: exchange, positional line"]
[ECO "D35"]
[NIC "QO.16"]
[Time "20:54:17"]
[PlyCount "126"]
[TimeControl "2700+10"]

1. d4 d5 2. c4 e6 3. Nc3 Nf6 4. cxd5 exd5 5. Bg5 Be7 6. e3 O-O 7. Bd3 c6 8.
Nf3 Bg4 9. Qc2 h6 10. Bh4 Nbd7 11. h3 Be6 12. Bg3 a6 13. O-O c5 14. Rfd1
Nb6 15. dxc5 Bxc5 16. Na4 Nxa4 17. Qxa4 Bd6 18. Bxd6 Qxd6 19. Nd4 Rac8 20.
Nf5 Bxf5 21. Bxf5 Rc5 22. Rac1 g6 23. Bb1 Rfc8 24. Rxc5 Qxc5 25. Qf4 Kg7
26. Bd3 Qc7 27. Qxc7 Rxc7 28. Rd2 Rc1+ 29. Kh2 Ne4 30. Bxe4 dxe4 31. Rd7 b5
32. Rd2 Rc6 33. Kg3 Kf6 34. Kf4 Re6 35. Rd4 g5+ 36. Kg4 Ke5 37. a4 f5+ 38.
Kh5 f4 39. axb5 axb5 40. Rb4 fxe3 41. fxe3 Rb6 42. Kg4 Rb7 43. Kg3 h5 44.
Kf2 Rf7+ 45. Ke2 Rb7 46. Rd4 Rc7 47. Kd2 Rf7 48. Ke1 Rc7 49. Rb4 Rb7 50.
Kf2 Rb6 51. Kg3 Rb7 52. h4 g4 53. Rd4 Rc7 54. Rd8 Rc2 55. b4 Re2 56. Rh8
Rxe3+ 57. Kf2 Rb3 58. Rxh5+ Kf4 59. g3+ Rxg3 60. Rxb5 Rf3+ 61. Kg1 e3 62.
Rb8 e2 63. Rf8+ Kg3 { White resigns } 0-1

[Event "ICC tourney 2501 (45 10)"]
[Site "Internet Chess Club"]
[Date "2021.04.10"]
[Round "5"]
[White "WU, WILLIAM:chessw23"]
[Black "SHARMA, VISHRUTH:VishyNo1"]
[Result "0-1"]
[ICCResult "White resigns"]
[WhiteElo "1938"]
[BlackElo "2081"]
[Opening "Two knights defense (Modern bishop's opening)"]
[ECO "C55"]
[NIC "IG.01"]
[Time "20:53:39"]
[PlyCount "106"]
[TimeControl "2700+10"]

1. e4 e5 2. Nf3 Nc6 3. Bc4 Nf6 4. d3 Be7 5. O-O O-O 6. c3 d6 7. Re1 Na5 8.
Bb5 a6 9. Ba4 b5 10. Bc2 c5 11. Nbd2 Nc6 12. Nf1 Re8 13. Ng3 Bf8 14. h3 g6
15. d4 cxd4 16. cxd4 Qe7 17. Be3 Bd7 18. Rc1 Rac8 19. Qd2 Bg7 20. d5 Nb8
21. Qa5 h5 22. Bd3 Nh7 23. Nd2 h4 24. Ne2 f5 25. f3 Qf8 26. Qb4 Bf6 27. a4
bxa4 28. Nc3 Bg5 29. Nc4 Bxe3+ 30. Rxe3 Rc5 31. Nxa4 a5 32. Qa3 Bxa4 33.
Qxa4 Rec8 34. Rb1 fxe4 35. fxe4 Qh6 36. Rf3 Ng5 37. Rf2 Nxe4 38. Bxe4 Rxc4
39. Qb5 Rxe4 40. Rbf1 Rec4 41. Qxa5 Qg7 42. b4 e4 43. b5 R4c5 44. Rf7 Qxf7
45. Rxf7 Kxf7 46. Qd2 Nd7 47. Qf4+ Nf6 48. Qxd6 Rxd5 49. Qa6 Rc1+ 50. Kf2
Rd2+ 51. Ke3 Rd3+ 52. Kf4 Rf1+ 53. Kg5 Rf5+ { White resigns } 0-1